 Dungeon Crawl Stone Soup version 0.29.1-1-gd02db6906a (webtiles) character file.

Game seed: 7948246594778383313

109 gelatine the Trooper (level 4, -2/41 HPs)
             Began as a Minotaur Fighter on Sept 22, 2022.
             Slain by a gnoll
             ... wielding a +0 halberd
              (9 damage)
             ... on level 3 of the Dungeon.
             The game lasted 00:03:41 (2055 turns).

gelatine the Trooper (Minotaur Fighter)             Turns: 2055, Time: 00:03:42

Health: -2/41      AC:  7    Str: 23    XL:     4   Next: 60%
Magic:  3/3        EV: 10    Int:  5    God:
Gold:   151        SH:  5    Dex: 12    Spells: 3/3 levels left

rFire   + + .      SeeInvis .   a - +0 war axe
rCold   + + .      Faith    .   c - +0 buckler
rNeg    + . .      Spirit   .   b - +0 scale mail
rPois   +          Reflect  .   (helmet restricted)
rElec   .          Harm     .   j - scarf {rC+ rF+}
rCorr   .          Rampage  .   (no gloves)
Will    ++...                   (no boots)
Stlth   ..........              (no amulet)
HPRegen 0.13/turn               p - ring of Linearity {rPois rF+ rC+ Will++ Dex+3}
MPRegen 0.08/turn               z - ring of positive energy

@: no status effects
A: horns 2, retaliatory headbutt
a: no special abilities


You were on level 3 of the Dungeon.
You visited 1 branch of the dungeon, and saw 3 of its levels.

You collected 151 gold pieces.

Inventory:

Hand Weapons
 a - a +0 war axe (weapon)
Missiles
 m - 19 stones (quivered)
 v - a throwing net
Armour
 b - a +0 scale mail (worn)
 c - a +0 buckler (worn)
 j - a scarf of resistance (worn)
 y - a +0 chain mail
Jewellery
 p - the ring of Linearity (left hand) {rPois rF+ rC+ Will++ Dex+3}
   (You found it on level 2 of the Dungeon)

   [ring of protection from fire]

   Dex:       It affects your dexterity (+3).
   rF:        It protects you from fire.
   rC:        It protects you from cold.
   rPois:     It protects you from poison.
   Will:      It greatly increases your willpower.
 z - a ring of positive energy (right hand)
Wands
 n - a wand of roots (6)
Scrolls
 g - 2 scrolls of immolation {unknown}
 i - 3 scrolls of teleportation {unknown}
 k - a scroll of identify {unknown}
 o - a scroll of magic mapping {unknown}
 u - a scroll of enchant armour {unknown}
 w - a scroll of summoning {unknown}
Potions
 d - a potion of might
 e - a potion of lignification {unknown}
 f - a potion of berserk rage {unknown}
 l - a potion of brilliance {unknown}
 q - 2 potions of curing {unknown}
 r - a potion of resistance {unknown}
 s - a potion of heal wounds {unknown}
 t - a potion of haste {unknown}
 x - a potion of magic {unknown}


   Skills:
 * Level 4.4 Fighting
 + Level 3.3 Axes
 + Level 4.3 Armour
 * Level 1.7 Dodging
 + Level 0.3 Stealth
 + Level 4.2 Shields


You had 3 spell levels left.
You didn't know any spells.
Your spell library contained the following spells:

 Spells                   Type           Power      Damage    Failure   Level
 Freeze                   Ice            0%         1d3       86%         1
 Frozen Ramparts          Ice            0%         1d1       99%         3
 Hailstorm                Conj/Ice       0%         3d3       100%        4


Dungeon Overview and Level Annotations

Branches:
Dungeon (3/15)

Altars:


Innate Abilities, Weirdness & Mutations

You have a pair of horns on your head.
You reflexively headbutt those who attack you in melee.


Message History

You now have 151 gold pieces (gained 10).
A gnoll comes into view. It is wielding a +2 halberd of venom.
The gnoll shouts!
A gnoll comes into view. It is wielding a +0 flail.
The gnoll shouts!
A gnoll comes into view. It is wielding a +0 halberd. x2
You throw an atropa-tipped dart. The atropa-tipped dart hits the gnoll.
The gnoll appears confused.
The gnoll shouts! x2
The gnoll closely misses the gnoll.
You throw an atropa-tipped dart. The atropa-tipped dart hits the gnoll.
The gnoll appears confused.
You throw an atropa-tipped dart.
The atropa-tipped dart closely misses the gnoll.
The atropa-tipped dart hits the gnoll.
The gnoll appears confused.
The gnoll barely misses the gnoll.
You throw an atropa-tipped dart. The atropa-tipped dart hits the gnoll.
The gnoll appears confused.
The gnoll seems less confused.
You throw an atropa-tipped dart. The atropa-tipped dart hits the gnoll.
The gnoll appears confused.
You hit the gnoll.
The gnoll is moderately wounded.
The gnoll seems less confused.
You block the gnoll's attack. The gnoll hits you but does no damage.
You hit the gnoll but do no damage.
The gnoll is moderately wounded.
You block the gnoll's attack.
The gnoll hits you from afar with a +0 halberd!
The gnoll hits you but does no damage.
You slash the gnoll!
You kill the gnoll!
The gnoll hits you from afar with a +0 halberd!
The gnoll hits you from afar with a +0 halberd!
The gnoll hits you with a +0 halberd!
* * * LOW HITPOINT WARNING * * *
You see here a +0 flail.
You hit the gnoll. You headbutt the gnoll!
The gnoll is severely wounded.
The gnoll hits you from afar with a +0 halberd!
You die...

#.##. #.# #.... #.#
####. #.# #. #?# #. .
#.# ###########. ... #.#
#...........
...(.####.###.....<.....
....ggg@......#########.
.....####....## ## ...
####.# . #.# #.# #.# #.#
#.# #.#


You could see 3 gnolls.

Vanquished Creatures
  Jessica (D:2)
  A gnoll (D:3)
  3 adders
  A worm (D:2)
  2 dart slugs
  3 bats
  5 endoplasms
  5 goblins
  3 hobgoblins (D:2)
  3 kobolds
  3 quokkas
  A ball python (D:1)
  5 frilled lizards
  6 rats
42 creatures vanquished.

Notes
Turn   | Place    | Note
-------+----------+-------------------------------------------
     0 | D:1      | gelatine the Minotaur Fighter began the quest for the Orb.
     0 | D:1      | Reached XP level 1. HP: 19/19 MP: 0/0
   133 | D:1      | Reached XP level 2. HP: 27/27 MP: 1/1
   512 | D:1      | Reached skill level 1 in Dodging
   962 | D:2      | Noticed Jessica
   966 | D:2      | Killed Jessica
   967 | D:2      | Reached XP level 3. HP: 15/33 MP: 2/2
  1137 | D:2      | Identified the ring of Linearity {rPois rF+ rC+ Will++
                  | Dex+3}
  1171 | D:2      | Found a faded altar of an unknown god.
  1370 | D:2      | Reached XP level 4. HP: 38/41 MP: 3/3
  2055 | D:3      | Slain by a gnoll

Illustrated notes

Levels and vault maps discovered:
D:1:      mrwooster_arrival_statue_3, layout_basic
D:2:      layout_loops_ring, hellmonk_ecumenical_altar_run_dry,
          minmay_misc_feat_four_crosses, minmay_crystal_water, uniq_jessica
D:3:      minmay_thinvault, layout_loops_ring, regret_index_temple_of_mockery,
          minmay_bisected

Skill      XL: |  1  2  3 |
---------------+----------+-----
Dodging        | 1 |  1.7
Fighting       | 4 |  4.4
Armour         | 4 |  4.3
Shields        | 4 |  4.2
Axes           | 3 |  3.3
Stealth        | |  0.3

Action                   |  1- 3 |  4- 6 || total
-------------------------+-------+-------++-------
Melee: War axe           |    53 |    24 ||    77
       Headbutt          |     8 |     2 ||    10
Throw: Dart              |     1 |     5 ||     6
 Stab: Invisible         |     1 |       ||     1
Armor: Scale mail        |    23 |     9 ||    32
Dodge: Dodged            |    20 |    11 ||    31
Block: Buckler           |    14 |     8 ||    22
